 Dungeon Crawl Stone Soup version 0.13-a0-2484-gc765b08 (console) character file.

1110 Kellhus the Conjurer (level 8, 40/40 HPs)
             Began as a Gargoyle Wizard on July 21, 2013.
             Was a Believer of Vehumet.
             Quit the game on Level 5 of the Dungeon.
             The game lasted 00:08:17 (5300 turns).

Kellhus the Conjurer (Gargoyle Wizard)              Turns: 5300, Time: 00:08:17

HP  40/40        AC 12     Str 11      XL: 8   Next:  3%
MP  23/29        EV 11     Int 21      God: Vehumet [**....]
Gold 242         SH  0     Dex  8      Spells:  3 memorised,  9 levels left

Res.Fire  : . . .   See Invis. : .   E - -1,+3 orc mace
Res.Cold  : . . .   Warding    : .   a - +0 robe
Life Prot.: + . .   Conserve   : .   (no shield)
Res.Poison: +       Res.Corr.  : .   b - +0 wizard hat
Res.Elec. : +       Clarity    : .   (no cloak)
Sust.Abil.: . .     Spirit.Shd : .   (no gloves)
Res.Mut.  : .       Stasis     : .   (no boots)
Res.Rott. : +       Flight     : .   (no amulet)
Saprovore : . . .                    h - ring of magical power
                                     i - +2 ring of protection

@: slightly resistant to hostile enchantments, unstealthy
A: fangs 1, talons 2, life protection 1, electricity resistance, slow metabolism
1, unbreathing, petrification resistance, AC +8
a: Renounce Religion


You were on level 5 of the Dungeon.
You worshipped Vehumet.
Vehumet was most pleased with you.
You were not hungry.

You visited 1 branch of the dungeon, and saw 5 of its levels.

You collected 222 gold pieces.

Inventory:

Hand weapons
 z - a +0,+1 orcish club (quivered)
 A - a +1,+0 elven anti-magic trident
 E - a -1,+3 orcish mace (weapon)
Armour
 a - a +0 robe (worn)
 b - a +0 wizard hat (worn)
Magical devices
 x - a wand of frost (13) {unknown}
Comestibles
 d - 3 bread rations
 j - an apricot
 p - a meat ration
 q - a pear
 C - 3 rotting chunks of orc flesh
 F - an apple
 H - 2 chunks of ogre flesh
Scrolls
 e - a scroll of fog {unknown}
 f - 3 scrolls of enchant armour {unknown}
 k - 4 scrolls of magic mapping {unknown}
 l - 2 scrolls of teleportation {unknown}
 m - 3 scrolls of identify {unknown}
 n - a scroll of remove curse {unknown}
 s - a scroll of amnesia {unknown}
 u - a scroll of enchant weapon I {unknown}
 w - a scroll of random uselessness {unknown}
 y - a scroll of curse jewellery {unknown}
 G - a scroll of curse armour {unknown}
Jewellery
 h - a ring of magical power (right hand)
 i - a +2 ring of protection (left hand)
 t - a +3 ring of strength {unknown}
Potions
 g - a potion of might {unknown}
 o - 4 potions of curing {unknown}
 r - 2 potions of heal wounds {unknown}
 v - a potion of poison {unknown}
 B - a potion of cure mutation {unknown}
Books
 c - a book of Minor Magic

   Spells                             Type                      Level
   *Magic Dart                        Conjuration                  1
   Blink                              Translocation                2
   Call Imp                           Summoning                    2
   Repel Missiles                     Charms/Air                   2
   Slow                               Hexes                        2
   *Conjure Flame                     Conjuration/Fire             3
   *Mephitic Cloud                    Conjuration/Poison/Air       3


   Skills:
 - Level 1.5 Dodging
 - Level 2.1 Stealth
 - Level 4.8 Spellcasting
 + Level 8.5 Conjurations
   Level 0.8 Summonings
   Level 0.8 Translocations


You had 9 spell levels left.
You knew the following spells:

 Your Spells              Type           Power        Failure   Level  Hunger
a - Magic Dart            Conj           ####         1%          1    None
b - Conjure Flame         Conj/Fire      ###.....     10%         3    ##.....
c - Mephitic Cloud        Conj/Pois/Air  ###.....     12%         3    ##.....


Dungeon Overview and Level Annotations

Branches:
Dungeon (5/27)             Temple (0/1) D:5

Altars:
Cheibriados
Nemelex Xobeh
Trog
Vehumet
Yredelemnul
the Shining One


Innate Abilities, Weirdness & Mutations

You are resistant to torment.
You are immune to poison.
Your stone body is very resilient (AC +8).
You have very sharp teeth.
You have razor-sharp toenails.
You resist negative energy.
You are resistant to electric shocks.
You have a slow metabolism.
You can survive without breathing.
You are immune to petrification.


Message History

Confirm with . or Enter, or press ? or * to list all spells.
Aiming: Magic Dart
Press: ? - help, Shift-Dir - straight line, f - giant frog zombie
Aim: a giant frog zombie (flame)
The magic dart hits the giant frog zombie.
The giant frog zombie is engulfed in roaring flames.
The giant frog zombie hits you but does no damage.
Casting: Magic Dart
Confirm with . or Enter, or press ? or * to list all spells.
Aiming: Magic Dart
Press: ? - help, Shift-Dir - straight line, f/p - giant frog zombie
Aim: a giant frog zombie (flame)
The magic dart hits the giant frog zombie.
The giant frog zombie is engulfed in roaring flames.
The giant frog zombie closely misses you.
The giant frog zombie is engulfed in roaring flames.
You destroy the giant frog zombie!
Vehumet accepts your kill.
You have reached level 8!
You feel stronger.
Are you sure you want to abandon this character and quit the game? (Confirm with "yes".)

#..........# #.# #
#.<........# #.# #
..........######.#########
..........................
..........######.#########
########.# # #.# # #.# #
#@# # #ยง# # #......... .
......... . ..........
.......>... ..>........
........... .........


There were no monsters in sight!

Vanquished Creatures
  2 ogres
  2 giant goldfish zombies (D:2)
  2 eyes of draining (D:3)
  A crimson imp (D:5)
  A giant frog zombie (D:5)
  2 iguanas (D:4)
  An orc priest (D:4)
  A hound (D:4)
  A worker ant (D:4)
  2 orc wizards
  A jelly (D:5)
  8 adders
  A gnoll (D:3)
  A giant mite (D:1)
  An inept item mimic (D:4)
  2 worms (D:2)
  2 giant geckos
  An ooze (D:4)
  17 orcs
  A ball python (D:4)
  13 bats
  6 giant cockroaches
  12 hobgoblins
  8 jackals
  10 kobolds
  3 quokkas
  3 giant newts
  10 goblins
  15 rats
130 creatures vanquished.

Notes
Turn   | Place    | Note
--------------------------------------------------------------
     0 | D:1      | Kellhus, the Gargoyle Wizard, began the quest for the Orb.
     0 | D:1      | Reached XP level 1. HP: 8/8 MP: 5/5
    82 | D:1      | Reached XP level 2. HP: 8/13 MP: 1/7
   674 | D:1      | Reached XP level 3. HP: 17/17 MP: 7/9
  1302 | D:2      | Found a radiant altar of Vehumet.
  1316 | D:2      | Became a worshipper of Vehumet
  1359 | D:2      | Reached skill level 4 in Conjurations
  1359 | D:2      | Reached XP level 4. HP: 19/22 MP: 1/11
  2278 | D:2      | Reached skill level 5 in Conjurations
  2278 | D:2      | Reached XP level 5. HP: 26/26 MP: 8/12
  2486 | D:2      | Found a basalt altar of Yredelemnul.
  2521 | D:2      | Learned a level 3 spell: Conjure Flame
  2525 | D:2      | Learned a level 3 spell: Mephitic Cloud
  2650 | D:2      | Found a snail-covered altar of Cheibriados.
  2650 | D:2      | Found a glowing golden altar of the Shining One.
  2813 | D:3      | Reached skill level 6 in Conjurations
  3002 | D:3      | Acquired Vehumet's first power
  3002 | D:3      | Offered knowledge of Sandblast by Vehumet.
  3057 | D:3      | Reached XP level 6. HP: 31/31 MP: 5/15
  3535 | D:3      | Found a bloodstained altar of Trog.
  4081 | D:4      | Reached XP level 7. HP: 22/35 MP: 18/18
  4249 | D:4      | Offered knowledge of Flame Tongue by Vehumet.
  4402 | D:4      | Reached skill level 7 in Conjurations
  5085 | D:5      | Entered Level 5 of the Dungeon
  5085 | D:5      | Found a staircase to the Ecumenical Temple.
  5154 | D:5      | Reached skill level 8 in Conjurations
  5170 | D:5      | Found a sparkling altar of Nemelex Xobeh.
  5299 | D:5      | Reached XP level 8. HP: 40/40 MP: 20/20
  5300 | D:5      | Quit the game

Action                   |  1- 3 |  4- 6 |  7- 9 || total
-------------------------+-------+-------+-------++-------
Melee: Unarmed           |    14 |       |       ||    14
       Club              |       |    23 |       ||    23
       Trident           |       |    14 |       ||    14
 Cast: Magic Dart        |    83 |   181 |   113 ||   377
       Mephitic Cloud    |       |     3 |     1 ||     4
       Conjure Flame     |       |       |     3 ||     3
